 Dungeon Crawl Stone Soup version 0.27-a0-679-g77a6b55cf3 (webtiles) character file.

Game seed: 7592464060495476458

37 rednaxela the Charlatan (level 3, -2/43 HPs)
             Began as a Palentonga Artificer on Mar 18, 2021.
             Slain by a hornet zombie (6 damage)
             ... on level 4 of the Dungeon.
             The game lasted 00:04:23 (1710 turns).

rednaxela the Charlatan (Palentonga Artificer)      Turns: 1710, Time: 00:04:24

Health: -2/43      AC: 21    Str: 15 (16) XL:     3   Next: 23%
Magic:  3/3        EV:  1    Int:  8 (11) God:
Gold:   48         SH:  3    Dex:  7 (10) Spells: 2/2 levels left

rFire    . . .     SeeInvis +     - Unarmed
rCold    . . .     Faith    .   f - +0 buckler
rNeg     + + +     Spirit   .   (armour currently unavailable)
rPois    +         Reflect  .   (helmet currently unavailable)
rElec    .         Harm     .   (cloak currently unavailable)
rCorr    .         Rampage  .   (gloves currently unavailable)
Will     .....     NoTele   +   (no barding)
Stlth    +.........             (no amulet)
HPRegen  0.14/turn              (no ring)
MPRegen  0.08/turn              (no ring)

@: tree-form
A: stationary, stasis, torment immunity, boosted hp, large, rugged brown scales
3, see invisible, (deformed body), (roll 1), (armoured tail)
a: no special abilities


You were on level 4 of the Dungeon.
You were a tree.
You visited 1 branch of the dungeon, and saw 4 of its levels.

You collected 48 gold pieces.

Inventory:

Armour
 a - the +1 barding of Juss (melded) {rN++ Will+}
   (You acquired it on level 1 of the Dungeon)

   It greatly protects you from negative energy.
   It affects your willpower, your defense against some magical effects.
 b - a +0 leather armour (melded)
 f - a +0 buckler (worn)
   (You found it on level 1 of the Dungeon)
Wands
 c - a wand of flame (12) {@v4}
 d - a wand of charming (15)
 e - a wand of random effects (15)
Scrolls
 g - a scroll of fog {!r}


   Skills:
 - Level 1.0 Fighting
 - Level 1.5 Armour
 - Level 0.7 Dodging
 - Level 0.5 Stealth
 + Level 1.5 Shields
 + Level 2.0 Unarmed Combat
 - Level 2.6 Evocations


You had 2 spell levels left.
You didn't know any spells.
Your spell library was empty.

Dungeon Overview and Level Annotations

Branches:
Dungeon (4/15)
 Temple: D:4-7

Altars:


Innate Abilities, Weirdness & Mutations

You are a tree.
Your roots penetrate the ground, keeping you stationary.
You cannot be teleported.
You are immune to unholy pain and torment.
Your maximum health is greatly increased.
Your equipment is partially melded.
(You are completely covered in rugged brown scales. (AC +3, +7% HP))
You have supernaturally acute eyesight. (SInv)
((Armour fits poorly on your strangely shaped body.))
((You can roll at nearby foes to attack.))
((You have a long armoured tail.))


Message History

You roll forward with a clatter of scales!
You barely miss the kobold. The kobold closely misses you.
You closely miss the kobold. You tail-slap the kobold.
You kill the kobold!
Your Unarmed Combat skill increases to level 2!
You see here a +0 club.
HP restored.
An orc comes into view. It is wielding a +0 mace.
The orc shouts!
Roll where?
Press: ? - help, Dir - move target, f - orc
Aim: an orc, wielding a +0 mace and quivering boomerangs You roll forward with a clatter of scales!
You barely miss the orc.
You hear a shout! x2
The orc barely misses you.
You barely miss the orc. The orc hits you with a +0 mace!
You closely miss the orc. The orc hits you with a +0 mace.
* * * LOW HITPOINT WARNING * * *
You closely miss the orc. The orc hits you with a +0 mace.
* * * LOW HITPOINT WARNING * * *
You barely miss the orc.
An orc comes into view.
It is wielding a +0 short sword and quivering datura-tipped darts.
The orc hits you with a +0 mace.
* * * LOW HITPOINT WARNING * * *
You hit the orc.
The orc is moderately wounded.
The orc hits you with a +0 mace.
* * * LOW HITPOINT WARNING * * *
The orc throws a boomerang.
The boomerang barely misses you.
The orc throws a datura-tipped dart.
The datura-tipped dart barely misses you.
The orc throws a boomerang.
The boomerang hits you!
* * * LOW HITPOINT WARNING * * *
There is a stone staircase leading down here.
The orc throws a boomerang.
The boomerang closely misses you.
You climb downwards. 2 kobolds come into view.
The kobold shouts! x2; You hear an angry hiss.
Found a stone staircase leading up.
There is a stone staircase leading up here.
A kobold comes into view.
The kobold shouts!
Found a stone staircase leading down.
A kobold comes into view.
The kobold throws a stone.
The stone barely misses you.
Found 10 gold pieces.
Found a stone staircase leading down.
The kobold throws a stone.
The stone hits you but does no damage.
There is a stone staircase leading down here.
The kobold throws a stone.
The stone hits you but does no damage.
You climb downwards.
A hornet zombie comes into view.
Found 20 gold pieces, a scroll of amnesia and an orange potion.
There is a stone staircase leading up here.
It was a potion of lignification.
You turn into a tree.
The +1 barding of Juss {rN++ Will+} melds into your body.
Your +0 leather armour melds into your body.
Your roots penetrate the ground.
The hornet zombie hits you but does no damage.
It was a potion of degeneration.
There was something very wrong with that liquid.
You feel weakened.
You feel dopey.
You feel clumsy.
The hornet zombie hits you but does no damage.
You hit the hornet zombie but do no damage.
The hornet zombie hits you but does no damage. x2
You smack the hornet zombie!
The hornet zombie is moderately damaged.
The hornet zombie hits you but does no damage.
You smack the hornet zombie!
The hornet zombie is moderately damaged.
The hornet zombie hits you but does no damage.
You barely miss the hornet zombie.
The hornet zombie is moderately damaged.
The hornet zombie hits you but does no damage.
You hit the hornet zombie.
The hornet zombie is moderately damaged.
The hornet zombie hits you but does no damage. x2
You hit the hornet zombie.
The hornet zombie is heavily damaged.
You block the hornet zombie's attack.
You smack the hornet zombie!
The hornet zombie is heavily damaged.
The hornet zombie hits you.
* * * LOW HITPOINT WARNING * * *
You barely miss the hornet zombie.
The hornet zombie is heavily damaged.
The hornet zombie hits you but does no damage. x2
You barely miss the hornet zombie.
The hornet zombie is heavily damaged.
The hornet zombie hits you but does no damage.
You hit the hornet zombie but do no damage.
The hornet zombie is heavily damaged.
A worker ant comes into view.
The hornet zombie hits you but does no damage.
You smack the hornet zombie!
The hornet zombie is almost destroyed.
The hornet zombie hits you.
You die...

.# #.# ....
######.#.#
#........#
#........#
#..$.....#
#.♣.......
#..Z.$..?#
B.######.!.
##. # #


You could see a worker ant and a hornet zombie.

Vanquished Creatures
  2 oozes (D:1)
  A worm (D:2)
  4 goblins (D:1)
  3 hobgoblins (D:1)
  2 jackals (D:1)
  A kobold (D:2)
  A quokka (D:1)
  A ball python (D:1)
  5 bats (D:1)
  3 frilled lizards (D:1)
  4 rats (D:1)
27 creatures vanquished.

Notes
Turn   | Place    | Note
-------+----------+-------------------------------------------
     0 | D:1      | rednaxela the Palentonga Artificer began the quest for the
                  | Orb.
     0 | D:1      | Reached XP level 1. HP: 17/17 MP: 1/1
   361 | D:1      | Reached skill level 1 in Unarmed Combat
   382 | D:1      | Reached XP level 2. HP: 3/24 MP: 2/2
   669 | D:1      | Reached skill level 1 in Shields
   951 | D:1      | Reached XP level 3. HP: 29/29 MP: 3/3
  1417 | D:1      | Identified a scroll of acquirement
  1417 | D:1      | Acquired the +1 barding of Juss {rN++ Will+}
  1553 | D:2      | Reached skill level 2 in Unarmed Combat
  1681 | D:2      | HP: 1/29 [orc/boomerang (8)]
  1710 | D:4      | Slain by a hornet zombie

Illustrated notes

Levels and vault maps discovered:
D:1:      minmay_arrival_loop, layout_loops_ring, minivault_25,
          chequers_serial_rivers_micro_b, serial_bayou_pond_c, item_on_display_a
D:2:      layout_basic, marbit_many_paths
D:3:      layout_rooms
D:4:      layout_basic, ebering_ghost_reflecting_pool

Skill      XL: |  1  2  3 |
---------------+----------+-----
Unarmed Combat | 1 2 |  2.0
Shields        | 1 |  1.5
Fighting       | |  1.0
Armour         | |  1.5
Dodging        | |  0.7
Stealth        | |  0.5
Evocations     | |  2.6

Action                   || total
-------------------------++-------
Melee: Unarmed           ||   141
       Tailslap          ||    13
 Abil: Rolling Charge    ||     5
Evoke: Wand              ||     3
  Use: Scroll            ||     6
       Potion            ||     2
Armor: Leather armour    ||    56
       Skin              ||    13
Dodge: Dodged            ||    57
Block: Buckler           ||    18

Table legend: (Time is in decaauts)
 A = Elapsed time spent in this place.
 B = Non-inter-level travel time spent in this place.
 C = Inter-level travel time spent in this place.
 D = Time resting spent in this place.
 E = Time spent auto-exploring this place.
 F = Levels seen in this place.
 G = Mean time per level.
                   A        B        C        D        E       F      G
               +--------+--------+--------+--------+--------+-----+--------+
         Total |   1717 |   1643 |     74 |    475 |    790 |   4 |  429.2 |
       Dungeon |   1717 |   1643 |     74 |    475 |    790 |   4 |  429.2 |
               +--------+--------+--------+--------+--------+-----+--------+

Top non-repeatable levels by time:
     D:1: 1508 daAuts
     D:2: 186 daAuts
     D:4: 12 daAuts
     D:3: 10 daAuts
